TOP OF THE 1ST |
Amarillo Archdukes batting - Pitching for Trenton Stars : LHP Joseph Byrne
|
Pitching: LHP Joseph Byrne
|
|
Batting: RHB Xie-li Fong
|
0-0: SINGLE (Groundball, 34D)
|
Batting: SHB Jeff Chambers
|
0-0: Called Strike 0-1: Called Strike 0-2: Strikes out swinging
|
Batting: RHB David Alonso
|
0-0: Foul Ball, location: 2F 0-1: Ball 1-1: Foul Ball, location: 2F 1-2: Strikes out looking
|
Batting: LHB John Frost
|
0-0: Ball 1-0: Ball Xie-li Fong steals 2nd base 2-0: Called Strike 2-1: Swinging Strike 2-2: Strikes out swinging
|
Top of the 1st over - 0 runs, 1 hit, 0 errors, 1 left on base; Amarillo 0 - Trenton 0 |
BOTTOM OF THE 1ST |
Trenton Stars batting - Pitching for Amarillo Archdukes : RHP Kyle Horton
|
Pitching: RHP Kyle Horton
|
|
Batting: RHB Bill Bourland
|
0-0: Called Strike 0-1: Ball 1-1: Called Strike 1-2: Foul Ball, location: 2F 1-2: Ball 2-2: Foul Ball, location: 2F 2-2: Ball 3-2: Base on Balls
|
Batting: RHB George Reeves
|
0-0: Called Strike 0-1: Fly out, F4 (Line Drive, 4)
|
Batting: LHB Wes Thompson
|
0-0: Ball 1-0: Foul Ball, location: 2F 1-1: Ball 2-1: SINGLE (Groundball, 6MD) Bill Bourland to second Runner from 2nd tries for 3rd, SAFE, no throw
|
Batting: RHB Jesús Solís
|
0-0: Ball 1-0: Foul Ball, location: 2F 1-1: TRIPLE (Line Drive, 8LXD) Bill Bourland scores Wes Thompson scores
|
Batting: LHB Pat Zimmerman
|
0-0: Foul Ball, location: 2F 0-1: Called Strike 0-2: Ball 1-2: Fly out, F7 (Line Drive, 7S) Runner from 3rd tags up, SCORES, no throw
|
Batting: RHB Joe Baker
|
0-0: Swinging Strike 0-1: Ball 1-1: Ball 2-1: Ball 3-1: Base on Balls
|
Batting: LHB Tom Waller
|
0-0: SINGLE (Line Drive, 6D) Joe Baker to second
|
Batting: RHB Alfredo López
|
0-0: Foul Ball, location: 2F 0-1: Ball 1-1: Called Strike 1-2: Fly out, F5 (Line Drive, 5)
|
Bottom of the 1st over - 3 runs, 3 hits, 0 errors, 2 left on base; Amarillo 0 - Trenton 3 |
TOP OF THE 2ND |
Amarillo Archdukes batting - Pitching for Trenton Stars : LHP Joseph Byrne
|
Batting: LHB José Martínez
|
0-0: Ball 1-0: Foul Ball, location: 2F 1-1: Swinging Strike 1-2: Ball 2-2: Ball 3-2: Foul Ball, location: 2F 3-2: Reached on error, E4 (Groundball, 4M)
|
Batting: RHB Fernando Castellanos
|
0-0: Called Strike 0-1: Ball 1-1: Ball 2-1: Foul Ball, location: 2F 2-2: SINGLE (Line Drive, 7S) José Martínez to second
|
Batting: LHB António Chávez
|
0-0: Swinging Strike 0-1: Swinging Strike 0-2: Strikes out looking
|
Batting: RHB Herb Bunch
|
0-0: SINGLE (Line Drive, 56) José Martínez to third Fernando Castellanos to second
|
Batting: RHB Eugenio Maldonado
|
0-0: Ball 1-0: Foul Ball, location: 2F 1-1: Called Strike 1-2: Ball 2-2: Ball 3-2: Foul Ball, location: 2F 3-2: DOUBLE (Line Drive, 7LS) José Martínez scores Fernando Castellanos scores Herb Bunch to third
|
Batting: RHB Xie-li Fong
|
0-0: Foul Ball, location: 2F 0-1: Foul Ball, location: 2F 0-2: Ball 1-2: Foul Ball, location: 2F 1-2: Foul Ball, location: 2F 1-2: Ball 2-2: Foul Ball, location: 2F 2-2: Foul Ball, location: 2F 2-2: Ball 3-2: Base on Balls
|
Batting: SHB Jeff Chambers
|
0-0: SINGLE (Groundball, 56D) Herb Bunch scores Eugenio Maldonado to third Xie-li Fong to second Runner from 3rd tries for Home, SAFE, throw made home
|
Batting: RHB David Alonso
|
0-0: Ball 1-0: Ball 2-0: Swinging Strike 2-1: Ground out 4-3 (Groundball, 4MS) Xie-li Fong to third Jeff Chambers to second
|
Batting: LHB John Frost
|
0-0: Called Strike 0-1: Swinging Strike 0-2: Ball 1-2: Strikes out swinging
|
Top of the 2nd over - 4 runs, 4 hits, 1 error, 2 left on base; Amarillo 4 - Trenton 3 |
BOTTOM OF THE 2ND |
Trenton Stars batting - Pitching for Amarillo Archdukes : RHP Kyle Horton
|
Batting: RHB Dan McKay
|
0-0: Ball 1-0: Ball 2-0: Ground out 4-3 (Groundball, 34)
|
Batting: RHB Bill Bourland
|
0-0: Ball 1-0: Called Strike 1-1: Called Strike 1-2: Fly out, F9 (Flyball, 9LS)
|
Batting: RHB George Reeves
|
0-0: Ball 1-0: Called Strike 1-1: Ball 2-1: Foul Ball, location: 2F 2-2: Foul Ball, location: 2F 2-2: Ball 3-2: Base on Balls
|
Batting: LHB Wes Thompson
|
0-0: Ball 1-0: Called Strike 1-1: Ball George Reeves steals 2nd base 2-1: SINGLE (Groundball, 6S) (infield hit) George Reeves to third
|
Batting: RHB Jesús Solís
|
0-0: Called Strike 0-1: 3-RUN HOME RUN (Flyball, 7D), Distance : 374 ft
|
Batting: LHB Pat Zimmerman
|
0-0: Ball 1-0: Ball 2-0: Ground out 4-3 (Groundball, 34D)
|
Bottom of the 2nd over - 3 runs, 2 hits, 0 errors, 0 left on base; Amarillo 4 - Trenton 6 |
TOP OF THE 3RD |
Amarillo Archdukes batting - Pitching for Trenton Stars : LHP Joseph Byrne
|
Batting: LHB José Martínez
|
0-0: Called Strike 0-1: Ball 1-1: Swinging Strike 1-2: Ball 2-2: Strikes out swinging, 2-3 out at first.
|
Batting: RHB Fernando Castellanos
|
0-0: SINGLE (Groundball, 6) (infield hit)
|
Batting: LHB António Chávez
|
0-0: Foul Ball, location: 2F 0-1: Ball 1-1: DOUBLE (Line Drive, 8RD) Fernando Castellanos to third Runner from 3rd tries for Home, SAFE, no throw
|
Batting: RHB Herb Bunch
|
0-0: Called Strike 0-1: Ball 1-1: Ball 2-1: Ground out 5-3 (Groundball, 5)
|
Batting: RHB Eugenio Maldonado
|
0-0: Ground out 6-3 (Groundball, 6)
|
Top of the 3rd over - 1 run, 2 hits, 0 errors, 1 left on base; Amarillo 5 - Trenton 6 |
BOTTOM OF THE 3RD |
Trenton Stars batting - Pitching for Amarillo Archdukes : RHP Kyle Horton
|
Batting: RHB Joe Baker
|
0-0: Swinging Strike 0-1: Ball 1-1: Ball 2-1: Foul Ball, location: 2F 2-2: Ball 3-2: Foul Ball, location: 2F 3-2: Fly out, F8 (Flyball, 8LD)
|
Batting: LHB Tom Waller
|
0-0: Ball 1-0: Swinging Strike 1-1: Ball 2-1: Called Strike 2-2: Fly out, F8 (Line Drive, 78M)
|
Batting: RHB Alfredo López
|
0-0: Called Strike 0-1: Ball 1-1: Ball 2-1: Ball 3-1: Foul Ball, location: 2F 3-2: Foul Ball, location: 2F 3-2: Foul Ball, location: 2F 3-2: Base on Balls
|
Pitching: RHP Wilson Molina
|
|
Batting: RHB Dan McKay
|
0-0: Hit by Pitch Alfredo López to second
|
Batting: RHB Bill Bourland
|
0-0: Foul Ball, location: 2F 0-1: Foul Ball, location: 2F 0-2: Ball 1-2: Ball 2-2: SINGLE (Groundball, 4MD) Alfredo López to third Dan McKay to second Runner from 3rd tries for Home, SAFE, no throw
|
Batting: RHB George Reeves
|
0-0: Called Strike 0-1: Ball 1-1: Called Strike 1-2: Ball 2-2: Ball 3-2: Foul Ball, location: 2F 3-2: Base on Balls Dan McKay to third Bill Bourland to second
|
Batting: LHB Wes Thompson
|
0-0: Ball 1-0: Ball 2-0: Called Strike 2-1: Foul Ball, location: 2F 2-2: Foul Ball, location: 2F 2-2: Ball 3-2: GRAND SLAM HOME RUN (Flyball, 7LD), Distance : 359 ft
|
Pitching: LHP Tim Miller
|
|
Batting: RHB Jesús Solís
|
0-0: Foul Ball, location: 2F 0-1: Called Strike 0-2: Foul Ball, location: 2F 0-2: Strikes out looking
|
Bottom of the 3rd over - 5 runs, 2 hits, 0 errors, 0 left on base; Amarillo 5 - Trenton 11 |
TOP OF THE 4TH |
Amarillo Archdukes batting - Pitching for Trenton Stars : LHP Joseph Byrne
|
Batting: RHB Xie-li Fong
|
0-0: Ball 1-0: Called Strike 1-1: DOUBLE (Line Drive, 9LM) - OUT at third base trying to stretch hit.
|
Batting: SHB Jeff Chambers
|
0-0: Foul Ball, location: 2F 0-1: Called Strike 0-2: Foul Ball, location: 2F 0-2: Ball 1-2: Ball 2-2: Ball 3-2: Ground out 4-3 (Groundball, 4)
|
Batting: RHB David Alonso
|
0-0: Ball 1-0: Foul Ball, location: 2F 1-1: Ball 2-1: Foul Ball, location: 2F 2-2: Strikes out swinging
|
Top of the 4th over - 0 runs, 1 hit, 0 errors, 0 left on base; Amarillo 5 - Trenton 11 |
BOTTOM OF THE 4TH |
Trenton Stars batting - Pitching for Amarillo Archdukes : LHP Tim Miller
|
Batting: LHB Pat Zimmerman
|
0-0: Called Strike 0-1: Foul Ball, location: 2F 0-2: Ball 1-2: Reached on error, E5 (Groundball, 5)
|
Batting: RHB Joe Baker
|
0-0: Ball
|
|
|
|
1-0: Called Strike 1-1: 2-RUN HOME RUN (Line Drive, 78XD), Distance : 417 ft
|
Batting: LHB Tom Waller
|
0-0: Foul Ball, location: 2F 0-1: Ground out 6-3 (Groundball, 6)
|
Batting: RHB Alfredo López
|
0-0: Foul Ball, location: 2F 0-1: Called Strike 0-2: Strikes out swinging
|
Batting: RHB Dan McKay
|
0-0: Called Strike 0-1: Ball 1-1: Ball 2-1: Ball 3-1: Fly out, F8 (Flyball, 8LM)
|
Bottom of the 4th over - 2 runs, 1 hit, 1 error, 0 left on base; Amarillo 5 - Trenton 13 |
TOP OF THE 5TH |
Amarillo Archdukes batting - Pitching for Trenton Stars : LHP Joseph Byrne
|
Batting: LHB John Frost
|
0-0: Ball 1-0: Called Strike 1-1: Ball 2-1: SINGLE (Line Drive, 78S)
|
Batting: LHB José Martínez
|
0-0: Ball John Frost steals 2nd base 1-0: Called Strike 1-1: Ball 2-1: Foul Ball, location: 2F 2-2: Ball 3-2: Foul Ball, location: 2F 3-2: 2-RUN HOME RUN (Line Drive, 9D), Distance : 364 ft
|
Batting: RHB Fernando Castellanos
|
0-0: Called Strike 0-1: Ball 1-1: Ball 2-1: Ground out 4-3 (Groundball, 34)
|
Batting: LHB António Chávez
|
0-0: Foul Ball, location: 2F 0-1: Ball 1-1: Ball 2-1: Ball 3-1: Swinging Strike 3-2: Foul Ball, location: 2F 3-2: Fly out, F7 (Flyball, 7S)
|
Batting: RHB Herb Bunch
|
0-0: Ball 1-0: Ball 2-0: Ball 3-0: Called Strike 3-1: Foul Ball, location: 2F 3-2: Strikes out looking
|
Top of the 5th over - 2 runs, 2 hits, 0 errors, 0 left on base; Amarillo 7 - Trenton 13 |
BOTTOM OF THE 5TH |
Trenton Stars batting - Pitching for Amarillo Archdukes : LHP Tim Miller
|
Batting: RHB Bill Bourland
|
0-0: Called Strike 0-1: Ball 1-1: Ball 2-1: Foul Ball, location: 2F 2-2: Fly out, F9 (Flyball, 89M)
|
Batting: RHB George Reeves
|
0-0: Called Strike 0-1: Ground out 5-3 (Groundball, 56)
|
Batting: LHB Wes Thompson
|
0-0: Called Strike 0-1: Called Strike 0-2: Strikes out swinging
|
Bottom of the 5th over - 0 runs, 0 hits, 0 errors, 0 left on base; Amarillo 7 - Trenton 13 |
TOP OF THE 6TH |
Amarillo Archdukes batting - Pitching for Trenton Stars : LHP Joseph Byrne
|
Pitching: RHP Darrell Stanley
|
|
Batting: RHB Eugenio Maldonado
|
0-0: Called Strike 0-1: Called Strike 0-2: Ball 1-2: Foul Ball, location: 2F 1-2: Fly out, F5 (Line Drive, 5)
|
Batting: RHB Xie-li Fong
|
0-0: Called Strike 0-1: Ball 1-1: Ball 2-1: Swinging Strike 2-2: Ball 3-2: Base on Balls
|
Batting: SHB Jeff Chambers
|
0-0: Ball 1-0: Ball 2-0: Foul Ball, location: 2F 2-1: Called Strike 2-2: Ball 3-2: Foul Ball, location: 2F 3-2: Ground out U3 (Groundball, 34) Xie-li Fong to second
|
Batting: RHB David Alonso
|
0-0: Called Strike 0-1: Swinging Strike 0-2: Strikes out looking
|
Top of the 6th over - 0 runs, 0 hits, 0 errors, 1 left on base; Amarillo 7 - Trenton 13 |
BOTTOM OF THE 6TH |
Trenton Stars batting - Pitching for Amarillo Archdukes : LHP Tim Miller
|
Batting: RHB Jesús Solís
|
0-0: Fly out, F7 (Flyball, 7S)
|
Batting: LHB Pat Zimmerman
|
0-0: Called Strike 0-1: Called Strike 0-2: Ball 1-2: Fly out, F7 (Flyball, 7D)
|
Batting: RHB Joe Baker
|
0-0: Fly out, F8 (Flyball, 8LD)
|
Bottom of the 6th over - 0 runs, 0 hits, 0 errors, 0 left on base; Amarillo 7 - Trenton 13 |
TOP OF THE 7TH |
Amarillo Archdukes batting - Pitching for Trenton Stars : RHP Darrell Stanley
|
Batting: LHB John Frost
|
0-0: Foul Ball, location: 2F 0-1: Ball 1-1: Foul Ball, location: 2F 1-2: Foul Ball, location: 2F 1-2: Ball 2-2: SINGLE (Flyball, 89S)
|
Batting: LHB José Martínez
|
0-0: Ball John Frost steals 2nd base 1-0: Called Strike 1-1: Hit by Pitch
|
Batting: RHB Fernando Castellanos
|
0-0: Called Strike 0-1: Called Strike 0-2: Ball 1-2: 3-RUN HOME RUN (Flyball, 78XD), Distance : 392 ft
|
Pitching: RHP Daniel Couch
|
|
Batting: LHB António Chávez
|
0-0: Ball 1-0: Ball 2-0: Called Strike 2-1: Foul Ball, location: 2F 2-2: Fly out, F6 (Line Drive, 6M)
|
Batting: RHB Herb Bunch
|
0-0: Ball 1-0: Called Strike 1-1: Ball 2-1: Called Strike 2-2: Strikes out looking
|
Batting: RHB Eugenio Maldonado
|
0-0: Foul Ball, location: 2F 0-1: Fly out, F7 (Line Drive, 7S)
|
Top of the 7th over - 3 runs, 2 hits, 0 errors, 0 left on base; Amarillo 10 - Trenton 13 |
BOTTOM OF THE 7TH |
Trenton Stars batting - Pitching for Amarillo Archdukes : LHP Tim Miller
|
Pitching: RHP Ignacio Beltrán
|
|
Batting: LHB Tom Waller
|
0-0: Fly out, F4 (Flyball, 4MD)
|
Batting: RHB Alfredo López
|
0-0: Ground out 5-3 (Groundball, 5)
|
Batting: RHB Dan McKay
|
0-0: Ball 1-0: Called Strike 1-1: Ball 2-1: Foul Ball, location: 2F 2-2: Ball 3-2: Foul Ball, location: 2F 3-2: Base on Balls
|
Batting: RHB Bill Bourland
|
0-0: Called Strike Error on foul ball, E3 0-2: Ball 1-2: Ball 2-2: Foul Ball, location: 2F 2-2: Ball 3-2: Base on Balls Dan McKay to second
|
Batting: RHB George Reeves
|
0-0: Foul Ball, location: 2F 0-1: Ball 1-1: Ball 2-1: Fly out, F8 (Flyball, 8RD)
|
Bottom of the 7th over - 0 runs, 0 hits, 1 error, 2 left on base; Amarillo 10 - Trenton 13 |
TOP OF THE 8TH |
Amarillo Archdukes batting - Pitching for Trenton Stars : RHP Daniel Couch
|
Batting: RHB Xie-li Fong
|
0-0: Ground out 3-1 (Groundball, 34)
|
Batting: SHB Jeff Chambers
|
0-0: Ball 1-0: Foul Ball, location: 2F 1-1: Ball 2-1: SINGLE (Line Drive, 6MD)
|
Batting: RHB David Alonso
|
0-0: Ball 1-0: Called Strike 1-1: Ball 2-1: Ball 3-1: Foul Ball, location: 2F 3-2: Strikes out swinging
|
Batting: LHB John Frost
|
0-0: Ball 1-0: Foul Ball, location: 2F 1-1: Foul Ball, location: 2F 1-2: Foul Ball, location: 2F 1-2: Foul Ball, location: 2F 1-2: Foul Ball, location: 2F 1-2: Ball 2-2: Foul Ball, location: 2F 2-2: Ball 3-2: SINGLE (Groundball, 4MD) Jeff Chambers to second Jeff Chambers to third
|
Batting: LHB José Martínez
|
0-0: Called Strike 0-1: Ball 1-1: Swinging Strike 1-2: Ball 2-2: Foul Ball, location: 2F 2-2: Foul Ball, location: 2F 2-2: Foul Ball, location: 2F 2-2: Ball 3-2: Foul Ball, location: 2F 3-2: Foul Ball, location: 2F 3-2: SINGLE (Groundball, 6D) Jeff Chambers scores John Frost to second John Frost to third
|
Pitching: RHP Augusto Muńíz
|
|
Batting: RHB Fernando Castellanos
|
0-0: Ball 1-0: Called Strike 1-1: Fielders Choice at 2nd, 5-4 (Groundball, 5L)
|
Top of the 8th over - 1 run, 3 hits, 0 errors, 2 left on base; Amarillo 11 - Trenton 13 |
BOTTOM OF THE 8TH |
Trenton Stars batting - Pitching for Amarillo Archdukes : RHP Ignacio Beltrán
|
Batting: LHB Wes Thompson
|
0-0: Ball 1-0: Ground out 5-3 (Groundball, 56)
|
Batting: RHB Jesús Solís
|
0-0: Hit by Pitch
|
Batting: LHB Pat Zimmerman
|
0-0: Ball 1-0: Fly out, F8 (Flyball, 8LXD)
|
Batting: RHB Joe Baker
|
0-0: Ball 1-0: Foul Ball, location: 2F 1-1: Fly out, F8 (Flyball, 8LD)
|
Bottom of the 8th over - 0 runs, 0 hits, 0 errors, 1 left on base; Amarillo 11 - Trenton 13 |
TOP OF THE 9TH |
Amarillo Archdukes batting - Pitching for Trenton Stars : RHP Augusto Muńíz
|
Pitching: LHP Enrico Lozano
|
|
Batting: LHB António Chávez
|
0-0: Foul Ball, location: 2F 0-1: Ball 1-1: Foul Ball, location: 2F 1-2: Ball 2-2: SINGLE (Groundball, 6D)
|
Batting: RHB Herb Bunch
|
0-0: Called Strike 0-1: Swinging Strike 0-2: Ball 1-2: Strikes out swinging
|
Batting: RHB Eugenio Maldonado
|
0-0: Called Strike 0-1: Swinging Strike 0-2: Ball 1-2: Foul Ball, location: 2F 1-2: Foul Ball, location: 2F 1-2: Ball 2-2: Ball 3-2: SINGLE (Groundball, 34S) (infield hit) António Chávez to second
|
Batting: RHB Xie-li Fong
|
0-0: Called Strike 0-1: Swinging Strike 0-2: Strikes out swinging
|
Batting: SHB Jeff Chambers
|
0-0: Ball 1-0: Fly out, F9 (Line Drive, 9)
|
Top of the 9th over - 0 runs, 2 hits, 0 errors, 2 left on base; Amarillo 11 - Trenton 13 |
|
Saturday, April 7th, 2018 - OOTP Baseball 18.8 Build 76
|
|